 Dungeon Crawl Stone Soup version 0.31-a0-152-g6aa68a64a1 (webtiles) character file.

Game seed: 6181262133314540314

84 qw the Shooter (level 4, -5/40 HPs)
             Began as a Naga Hunter on June 10, 2023.
             Slain by Sigmund
             ... wielding a +0 scythe
              (8 damage)
             ... on level 3 of the Dungeon.
             The game lasted 00:00:42 (1260 turns).

qw the Shooter (Naga Hunter)                        Turns: 1260, Time: 00:00:42

Health: -5/40      AC:  2    Str: 13    XL:     4   Next: 45%
Magic:  4/4        EV: 10    Int: 10    God:
Gold:   102        SH:  0    Dex: 22    Spells: 3/3 levels left

rFire   . . .        Y - +0 shortbow
rCold   . . .        (shield currently unavailable)
rNeg    . . .        c - +0 leather armour
rPois   +            (no helmet)
rElec   .            (no cloak)
rCorr   .            (no gloves)
SInv    +            (no barding)
Will    .....        (no amulet)
Stlth   +            d - +6 ring of dexterity
HPRegen 0.26/turn    (no ring)
MPRegen 0.09/turn

%: no passive effects
@: confused, very slow
A: AC +1, large, see invisible, deformed body, poison resistance, slowness 2,
spit poison 1, naga tail 1
a: Spit Poison


You were on level 3 of the Dungeon.
You visited 1 branch of the dungeon, and saw 3 of its levels.

You collected 102 gold pieces.


Innate Abilities, Weirdness & Mutations

Your serpentine skin is tough. (AC +1)
You have supernaturally acute eyesight. (SInv)
Armour fits poorly on your strangely shaped body.
Your system is resistant to poisons. (rPois)
You cover ground very slowly.
You can spit poison.
You have a snake-like lower body.


   Skills:
 + Level 2.5 Fighting
 - Level 5.0 Ranged Weapons
 - Level 1.5 Dodging
 - Level 1.5 Stealth


You had 3 spell levels left.
You didn't know any spells.
Your spell library was empty.

Inventory:

Hand Weapons
 Y - a +0 shortbow (weapon)
Armour
 c - a +0 leather armour (worn)
Jewellery
 d - a +6 ring of dexterity (left hand)
Scrolls
 l - a scroll of identify
Potions
 b - a potion of mutation {unknown}
 f - a potion of enlightenment {unknown}
 g - a potion of might
 h - a potion of attraction {unknown}
 j - a potion of curing {unknown}
 k - a potion of heal wounds {unknown}
 m - a potion of invisibility {unknown}

Dungeon Overview and Level Annotations

Branches:
Dungeon (3/15)

Altars:

Annotations:
D:3 Sigmund


Message History

1247 ||| INVOKING Spit Poison.
Aiming: Spit Poison (1% risk of failure)
Press: ? - help, Shift-Dir - straight line, f/p - orc The splash of poison hits the orc!
The orc is poisoned.
You kill the orc!
You start resting.
Sigmund the Dreaded comes into view.
He is wielding a +0 scythe.
You shoot an arrow. The arrow completely misses Sigmund.
Sigmund shouts!
Sigmund hits you from afar with a +0 scythe!
You shoot an arrow. The arrow closely misses Sigmund.
Sigmund misses you.
You shoot an arrow. The arrow hits Sigmund!
Sigmund is moderately wounded.
Sigmund gestures wildly while chanting.
Sigmund flickers and vanishes for a moment.
You shoot an arrow. The arrow hits Sigmund.
Sigmund is moderately wounded.
You have got your breath back.
Sigmund hits you from afar with a +0 scythe.
1254 ||| INVOKING Spit Poison.
Aiming: Spit Poison (1% risk of failure)
Press: ? - help, Shift-Dir - straight line, f/p - Sigmund The splash of poison hits Sigmund but does no damage.
Sigmund is moderately wounded.
Sigmund hits you from afar with a +0 scythe.
You shoot an arrow. The arrow hits Sigmund!
Sigmund is severely wounded.
You shoot an arrow. The arrow hits Sigmund!
Sigmund is almost dead.
Sigmund points at you and mumbles some strange words.
You are confused.
Sigmund casts a spell at you. The magic dart hits you.
You have got your breath back.
Sigmund hits you from afar with a +0 scythe!
Sigmund casts a spell at you. You resist with some effort.
Sigmund hits you from afar with a +0 scythe!
You die...

#######. .......
...... ..).###.
./.+... @.##.. #)##.#
####### #@##.#
......# #.##.#
##.##.# #.##.########
....#.# #............
.#..#.# ####.########
.#..#.######## #.#
..........(... #.#
.#..#.#############/#
....#...............#


You could see Sigmund (invisible).

Vanquished Creatures
  2 adders
  2 worms (D:2)
  3 dart slugs (D:1)
  5 orcs (D:3)
  2 endoplasms
  A giant cockroach (D:1)
  4 goblins
  3 hobgoblins
  4 jackals
  4 quokkas
  6 ball pythons
  2 bats
  A frilled lizard (D:2)
  4 kobolds
  2 rats
45 creatures vanquished.

Notes
Turn   | Place    | Note
-------+----------+-------------------------------------------
     0 | D:1      | qw the Naga Hunter began the quest for the Orb.
     0 | D:1      | Reached XP level 1. HP: 19/19 MP: 1/1
     0 | D:1      | 0 ||| qw: Version: 0.2-a-122-gbc61b45
     0 | D:1      | 0 ||| qw: Game counter: 3590
     0 | D:1      | 0 ||| qw: Always use a shield: true
     0 | D:1      | 0 ||| qw: God list: Okawaru
     0 | D:1      | 0 ||| qw: Allow faded altars: false
     0 | D:1      | 0 ||| qw: Do Orc after D:15 true
     0 | D:1      | 0 ||| qw: Do second Lair branch before Depths: true
     0 | D:1      | 0 ||| qw: Lair rune preference: random
     0 | D:1      | 0 ||| qw: Plans: Normal
     0 | D:1      | 0 ||| PLANNING D:1-11
     8 | D:1      | 8 ||| INVOKING Spit Poison.
    11 | D:1      | 11 ||| INVOKING Spit Poison.
    14 | D:1      | 14 ||| INVOKING Spit Poison.
    39 | D:1      | 39 ||| INVOKING Spit Poison.
    90 | D:1      | 90 ||| INVOKING Spit Poison.
    93 | D:1      | 93 ||| INVOKING Spit Poison.
    97 | D:1      | Reached skill level 4 in Ranged Weapons
    97 | D:1      | Reached XP level 2. HP: 21/26 MP: 2/2
   103 | D:1      | 103 ||| FLEEEEING.
   104 | D:1      | 104 ||| FLEEEEING.
   105 | D:1      | 105 ||| FLEEEEING.
   144 | D:1      | 144 ||| INVOKING Spit Poison.
   161 | D:1      | 161 ||| INVOKING Spit Poison.
   190 | D:1      | 190 ||| INVOKING Spit Poison.
   212 | D:1      | 212 ||| INVOKING Spit Poison.
   289 | D:1      | You fall into a shaft and drop 1 floor!
   300 | D:2      | 300 ||| INVOKING Spit Poison.
   307 | D:2      | 307 ||| INVOKING Spit Poison.
   315 | D:2      | 315 ||| UPGRADING to +6 ring of dexterity.
   316 | D:2      | 316 ||| DROPPING ring of magical power.
   317 | D:2      | 317 ||| DRINKING 2 inky potions.
   318 | D:2      | 318 ||| DROPPING scroll of butterflies.
   344 | D:1      | 344 ||| FLEEEEING.
   345 | D:1      | 345 ||| FLEEEEING.
   346 | D:1      | 346 ||| FLEEEEING.
   347 | D:1      | 347 ||| FLEEEEING.
   348 | D:1      | 348 ||| FLEEEEING.
   349 | D:1      | 349 ||| FLEEEEING.
   350 | D:1      | 350 ||| FLEEEEING.
   351 | D:1      | 351 ||| FLEEEEING.
   352 | D:1      | 352 ||| FLEEEEING.
   353 | D:1      | 353 ||| FLEEEEING.
   354 | D:1      | 354 ||| FLEEEEING.
   355 | D:1      | 355 ||| FLEEEEING.
   356 | D:1      | 356 ||| FLEEEEING.
   357 | D:1      | 357 ||| FLEEEEING.
   358 | D:1      | 358 ||| FLEEEEING.
   364 | D:1      | 364 ||| FLEEEEING.
   421 | D:1      | 421 ||| INVOKING Spit Poison.
   423 | D:1      | Reached XP level 3. HP: 31/32 MP: 3/3
   426 | D:1      | 426 ||| INVOKING Spit Poison.
   439 | D:1      | 439 ||| INVOKING Spit Poison.
   526 | D:1      | 526 ||| INVOKING Spit Poison.
   575 | D:1      | 575 ||| INVOKING Spit Poison.
   581 | D:1      | 581 ||| INVOKING Spit Poison.
   591 | D:1      | 591 ||| DRINKING 2 orange potions.
   644 | D:1      | 644 ||| DROPPING potion of lignification.
   684 | D:2      | 684 ||| INVOKING Spit Poison.
   688 | D:2      | 688 ||| STAIRDANCE
   690 | D:1      | 690 ||| INVOKING Spit Poison.
   774 | D:2      | 774 ||| INVOKING Spit Poison.
   781 | D:2      | 781 ||| INVOKING Spit Poison.
   787 | D:2      | 787 ||| INVOKING Spit Poison.
   834 | D:2      | 834 ||| INVOKING Spit Poison.
   838 | D:2      | 838 ||| INVOKING Spit Poison.
   839 | D:2      | Reached skill level 5 in Ranged Weapons
   839 | D:2      | Reached XP level 4. HP: 34/39 MP: 4/4
   889 | D:2      | 889 ||| INVOKING Spit Poison.
   913 | D:2      | 913 ||| INVOKING Spit Poison.
   921 | D:2      | 921 ||| INVOKING Spit Poison.
   927 | D:2      | 927 ||| INVOKING Spit Poison.
   933 | D:2      | 933 ||| INVOKING Spit Poison.
   989 | D:2      | 989 ||| INVOKING Spit Poison.
  1167 | D:2      | 1167 ||| READING scroll labelled FOESTE HYER.
  1168 | D:2      | 1168 ||| READING scroll labelled NOIFISAZONO.
  1169 | D:2      | 1169 ||| READING 2 scrolls labelled REOCEERERA.
  1230 | D:3      | 1230 ||| INVOKING Spit Poison.
  1237 | D:3      | 1237 ||| INVOKING Spit Poison.
  1241 | D:3      | 1241 ||| INVOKING Spit Poison.
  1247 | D:3      | 1247 ||| INVOKING Spit Poison.
  1249 | D:3      | Noticed Sigmund
  1254 | D:3      | 1254 ||| INVOKING Spit Poison.
  1257 | D:3      | HP: 3/40 [Sigmund/+0 scythe (9)]
  1260 | D:3      | Slain by Sigmund

Levels and vault maps discovered:
D:1:      amcnicky_arrival_blooded_trapdoor, layout_basic, minmay_tromino_v4_b
D:2:      layout_rooms, minmay_diced_spiral
D:3:      layout_basic, mainiacjoe_overflow_tiny_flanked, uniq_sigmund

Skill      XL: |  1  2  3 |
---------------+----------+-----
Ranged Weapons | 4 5 |  5.0
Fighting       | |  2.5
Dodging        | |  1.5
Stealth        | |  1.5

Action                     |  1- 3 |  4- 6 || total
---------------------------+-------+-------++-------
   Fire: Shortbow          |    61 |    30 ||    91
Ability: Spit Poison       |    25 |    11 ||    36
    Use: Potion            |     2 |       ||     2
         Scroll            |       |     3 ||     3
 Armour: Leather armour    |     1 |     3 ||     4
  Dodge: Dodged            |    13 |     4 ||    17

Table legend:
 A = Non-vault XP
 B = Vault XP
 C = Vault XP percentage of total XP
 D = Non-vault monster count
 E = Vault monster count
 F = Vault count percentage of total count
                 A         B        C        D         E       F
            +---------+---------+-------+---------+---------+-------
      Total |     108 |      12 |  10.0 |      39 |       6 |  13.3
            +---------+---------+-------+---------+---------+-------
        D:1 |      55 |       5 |   8.3 |      22 |       2 |   8.3
        D:2 |      38 |       7 |  15.6 |      12 |       4 |  25.0
        D:3 |      15 |       0 |   0.0 |       5 |       0 |   0.0
            +---------+---------+-------+---------+---------+-------
